 Dungeon Crawl Stone Soup version 0.29-a0-344-ge2f44be95a (webtiles) character file.

Game seed: 11754652708003564265

12 spaghetti the Caller (level 2, -1/13 HPs)
             Began as a Vine Stalker Summoner on Apr 22, 2022.
             Succumbed to a kobold's poison
             ... on level 1 of the Dungeon.
             The game lasted 00:00:47 (348 turns).

spaghetti the Caller (Vine Stalker Summoner)         Turns: 348, Time: 00:00:48

Health: -1/13      AC:  2    Str: 10    XL:     2   Next: 33%
Magic:  3/6        EV: 12    Int: 15    God:
Gold:   22         SH:  0    Dex: 14    Spells: 4/5 levels left

rFire   . . .      SeeInvis .   e - +0 dagger {short}
rCold   . . .      Faith    .   (no shield)
rNeg    . . .      Spirit   +   a - +0 robe
rPois   .          Reflect  .   (no helmet)
rElec   .          Harm     .   (no cloak)
rCorr   .          Rampage  .   (no gloves)
Will    .....                   (no boots)
Stlth   ++........              (no amulet)
HPRegen 0.04/turn               (no ring)
MPRegen 0.10/turn               (no ring)

@: lethally poisoned (-1 -> -10)
A: fangs 2, magic shield, antimagic bite, no potion heal 2
a: no special abilities


You were on level 1 of the Dungeon.
You visited 1 branch of the dungeon, and saw 1 of its levels.

You collected 22 gold pieces.


Innate Abilities, Weirdness & Mutations

You have extremely sharp teeth.
When hurt, damage is shared between your health and your magic reserves.
Your bite disrupts and absorbs the magic of your enemies.
Potions cannot restore your health.


   Skills:
 - Level 1.5 Dodging
 + Level 3.8 Stealth
 - Level 2.1 Spellcasting
 - Level 4.0 Summonings


You had 4 spell levels left.
You knew the following spells:

 Your Spells              Type           Power      Damage    Failure   Level
a - Summon Small Mammal   Summ           52%        N/A       4%          1

Your spell library contained the following spells:

 Spells                   Type           Power      Damage    Failure   Level
 Call Imp                 Summ           13%        N/A       6%          2
 Call Canine Familiar     Summ           13%        N/A       13%         3
 Summon Guardian Golem    Hex/Summ       7%         N/A       28%         3
 Summon Lightning Spire   Summ/Air       7%         N/A       67%         4

Inventory:

Hand Weapons
 e - a +0 dagger (weapon) {short}
   (You took it off a goblin on level 1 of the Dungeon)
Missiles
 f - 3 boomerangs {throwing}
Armour
 a - a +0 robe (worn)
Scrolls
 c - a scroll of teleportation {unknown}
 d - a scroll of identify {unknown}
 g - a scroll of amnesia {unknown}
Potions
 b - a potion of magic

Dungeon Overview and Level Annotations

Branches:
Dungeon (1/15)

Altars:

...........# ......
##.#..####.# .#...#
#......###.# .#...#
#...)#.....#######....###
#....#####.#.....#.......
.....# #.........$..#..
...†.#####.......b.....#.
#.................r.....#
####.#####......@.)...#..
###..# #..!..........#
....## #..............#
..### #..!..........#..
..# ....(..........#. #.#
..#.)...#......# #.# .
#########..#.. ..# ...
..#


You could see a friendly bat (summoned) and a friendly rat (summoned).


Message History

You take 2 damage, and now have 11/13 hp.
You lost 1 mp, and now have 3/6 mp.
You are too injured to fight recklessly!
You are too injured to fight recklessly!
You are too injured to fight recklessly!
You are too injured to fight recklessly!
You are too injured to fight recklessly!
You are too injured to fight recklessly!
You are too injured to fight recklessly!
You are too injured to fight recklessly!
You are too injured to fight recklessly!
You are too injured to fight recklessly!
You are too injured to fight recklessly!
You are too injured to fight recklessly!
You are too injured to fight recklessly!
You are too injured to fight recklessly!
You are too injured to fight recklessly!
You are too injured to fight recklessly!
There are monsters nearby!
You hit the quokka but do no damage. You bite the quokka, but do no damage.
Your bat hits the quokka but does no damage.
The quokka closely misses your bat.
Your rat bites the quokka but does no damage.
A kobold comes into view. It is wielding a +1 dagger of venom.
Your bat hits the quokka but does no damage. x2
The kobold throws a stone.
The stone hits you but does no damage. The quokka closely misses your bat.
Your rat closely misses the quokka.
You are too injured to fight recklessly!
You miss the quokka. You bite the quokka, but do no damage.
Your bat hits the quokka.
The quokka bites you but does no damage.
The quokka bites your bat.
Your rat barely misses the quokka.
Your bat barely misses the quokka. 😕 MP[+1]
You barely miss the quokka. Your bite misses the quokka.
Your bat closely misses the quokka.
The quokka barely misses you. The quokka completely misses your bat.
The kobold throws a stone.
The stone closely misses you.
Your rat barely misses the quokka.
You hit the quokka but do no damage. Your bite misses the quokka.
Your bat closely misses the quokka.
The quokka barely misses you. The quokka bites your bat.
Your bat dies!
Your bat's corpse disappears in a puff of smoke!
Your rat misses the quokka. You closely miss the quokka.
Your bite misses the quokka.
The quokka bites you but does no damage. x2
The quokka barely misses you.
Your rat closely misses the quokka.
The quokka bites you. 😕 HP[-1]
You take 1 damage, and now have 10/13 hp.
You barely miss the quokka. You bite the quokka.
You kill the quokka!
The kobold throws a stone.
The stone barely misses you. The stone hits your rat.
The quokka barely misses you.
You closely miss the quokka. You bite the quokka. You drain its power.
You feel invigorated. The quokka barely misses you. 😕 MP[+2]
Your mp is fully restored (6).
You hit the quokka. The quokka bites you.
The kobold throws a stone.
The stone completely misses you.
Your rat closely misses the quokka. 😮 HP[-2] MP[-2]
You take 2 damage, and now have 8/13 hp.
You lost 2 mp, and now have 4/6 mp.
You barely miss the quokka. The quokka bites you.
* * * LOW HITPOINT WARNING * * *
Your rat bites the quokka. 😨 HP[-2]
You take 2 damage, and now have 6/13 hp.
You catch the helpless quokka completely off-guard!
You puncture the quokka!
You kill the quokka!
The kobold throws a stone.
The stone closely misses you. The kobold misses you.
You hit the kobold. The kobold barely misses you.
Your rat closely misses the kobold.
Casting: Summon Small Mammal (safe; 4% risk of failure)
Confirm with . or Enter, or press ? or * to list all spells.
The kobold hits you with a +1 dagger of venom.
* * * LOW HITPOINT WARNING * * *
You are lethally poisoned!
Your rat barely misses the kobold. 😨 HP[-2] MP[-2]
You take 2 damage, and now have 4/13 hp.
You lost 2 mp, and now have 2/6 mp.
Okay, then.
You aren't carrying any items that you can evoke.
You are lethally poisoned (4 -> -8).
Your movement speed is average.
Your attack delay is about 1.0.
Unknown command.
You hit the kobold.
You kill the kobold!
* * * LOW HITPOINT WARNING * * *
You feel very sick. 😱 HP[-3] MP[+1]
You take 3 damage, and now have 1/13 hp.
MASSIVE DAMAGE!! (PAUSE)
You are lethally poisoned (1 -> -8).
Your movement speed is average.
Your attack delay is about 1.0.
Unknown command.
You die...

Skill      XL: |  1 |
---------------+----+-----
Stealth        | 3 |  3.8
Dodging        | |  1.5
Spellcasting   | |  2.1
Summonings     | |  4.0

Action                   || total
-------------------------++-------
Melee: Dagger            ||    20
       Bite              ||     6
       Unarmed           ||     2
 Cast: Summon Small Mamm ||    11
 Stab: Sleeping          ||     1
       Distracted        ||     1
Armor: Robe              ||     6
Dodge: Dodged            ||    21

Levels and vault maps discovered:
D:1:      minmay_arrival_open_corners, layout_rooms,
          shapermc_ecumenical_altar_venn, hangedman_decor_points,
          minmay_misc_feat_diagonals, grunt_decor_resistance

Notes
Turn   | Place    | Note
-------+----------+-------------------------------------------
     0 | D:1      | spaghetti the Vine Stalker Summoner began the quest for the
                  | Orb.
     0 | D:1      | Reached XP level 1. HP: 9/9 MP: 4/4
     0 | D:1      | magus.rc [v1.9.6]
   198 | D:1      | Reached skill level 3 in Stealth
   250 | D:1      | Reached XP level 2. HP: 13/13 MP: 4/6
   347 | D:1      | HP: 1/13 [poisoned by a kobold]
   348 | D:1      | Succumbed to a kobold's poison

Vanquished Creatures
  A ball python (D:1)
  2 kobolds (D:1)
  3 quokkas (D:1)
  A frilled lizard (D:1)
7 creatures vanquished.

Vanquished Creatures (collateral kills)
  2 goblins (D:1)
  A frilled lizard (D:1)
3 creatures vanquished.

Grand Total: 10 creatures vanquished

Table legend:
 A = Non-vault XP
 B = Vault XP
 C = Vault XP percentage of total XP
 D = Non-vault monster count
 E = Vault monster count
 F = Vault count percentage of total count
                 A         B        C        D         E       F
            +---------+---------+-------+---------+---------+-------
      Total |      18 |       0 |   0.0 |      10 |       0 |   0.0
            +---------+---------+-------+---------+---------+-------
        D:1 |      18 |       0 |   0.0 |      10 |       0 |   0.0
            +---------+---------+-------+---------+---------+-------

Illustrated notes

Table legend:
 A = Kills in this place as a percentage of kills in entire the game.
 B = Kills by you in this place as a percentage of kills by you in the entire game.
 C = Kills by friends in this place as a percentage of kills by friends in the entire game.
 D = Other kills in this place as a percentage of other kills in the entire game.
 E = Experience gained in this place as a percentage of experience gained in the entire game.
 F = Experience gained in this place divided by the number of levels of this place that you have seen.
                   A       B       C       D       E      F
               +-------+-------+-------+-------+-------+----------------------
         Total | 100.0 | 100.0 | 100.0 |   N/A | 100.0 |  18.0
       Dungeon | 100.0 | 100.0 | 100.0 |   N/A | 100.0 |  18.0
               +-------+-------+-------+-------+-------+----------------------

Table legend: (Time is in decaauts)
 A = Elapsed time spent in this place.
 B = Non-inter-level travel time spent in this place.
 C = Inter-level travel time spent in this place.
 D = Time resting spent in this place.
 E = Time spent auto-exploring this place.
 F = Levels seen in this place.
 G = Mean time per level.
                   A        B        C        D        E       F      G
               +--------+--------+--------+--------+--------+-----+--------+
         Total |    347 |    347 |      0 |      0 |    266 |   1 |  347.0 |
       Dungeon |    347 |    347 |      0 |      0 |    266 |   1 |  347.0 |
               +--------+--------+--------+--------+--------+-----+--------+

Top non-repeatable levels by time:
     D:1: 347 daAuts
